 Dungeon Crawl Stone Soup version 0.23.2-30-g0e89c35649 (webtiles) character file.

Game seed: 280392099134758415

2030 colophon the Covert (level 9, -5/54 HPs)
             Began as a Kobold Enchanter on June 20, 2019.
             Was a Follower of Okawaru.
             Slain by an orc warrior
             ... wielding a +0 glaive
              (17 damage)
             ... in a bailey on June 22, 2019.
             The game lasted 00:41:11 (8472 turns).

colophon the Covert (Kobold Enchanter)              Turns: 8472, Time: 00:41:12

Health: -5/54      AC:  5    Str:  5    XL:     9   Next: 47%
Magic:  2/15       EV: 19    Int: 17    God:    Okawaru [*.....]
Gold:   345        SH:  2    Dex: 18    Spells: 8/16 levels left

rFire    + + .     SeeInvis +   o - +10 rapier of the Extremely Mad {pain, rF++ rN+}
rCold    . . .     Gourm    .   (shield restricted)
rNeg     + . .     Faith    .   b - +0 robe
rPois    .         Spirit   .   r - +0 helmet
rElec    .         Reflect  +   B - +0 cloak
rCorr    .         Harm     .   p - +0 pair of gloves
MR       .....                  (no boots)
Stlth    ++++......             s - +2 amulet of reflection
HPRegen  0.18/turn              h - ring of see invisible
MPRegen  0.14/turn              (no ring)

@: no status effects
A: small, carnivore
a: Heroism, Renounce Religion


You were in a bailey.
You worshipped Okawaru.
Okawaru was aware of your devotion.
You were full.

You visited 2 branches of the dungeon, and saw 10 of its levels.
You also visited: Bailey.

You collected 345 gold pieces.

Inventory:

Hand Weapons
 e - a +3 dagger of venom
 o - the +10 rapier of the Extremely Mad (weapon) {pain, rF++ rN+}
   (You found it on level 5 of the Dungeon)

   In the hands of one skilled in necromantic magic, it inflicts extra damage on
   living creatures.
   It greatly protects you from fire.
   It protects you from negative energy.
Missiles
 g - 20 bolts
Armour
 b - a +0 robe (worn)
 p - a +0 pair of gloves (worn)
 r - a +0 helmet (worn)
 B - a +0 cloak (worn)
 J - the cursed +0 leather armour of Vuotit {rElec rPois MR+ Regen+, unknown}
   (You found it on level 8 of the Dungeon)

   It insulates you from electricity.
   It protects you from poison.
   It affects your resistance to hostile enchantments.
   It increases your rate of regeneration.
   It has a curse placed upon it.
Jewellery
 h - a ring of see invisible (left hand)
 s - a +2 amulet of reflection (around neck)
Wands
 t - a wand of iceblast (8)
 A - a wand of flame (10)
 F - a wand of disintegration (19)
 G - a wand of random effects (25)
 H - a wand of scattershot (4)
Scrolls
 a - a scroll of identify
 c - a scroll of magic mapping
 f - a scroll of teleportation
 j - 2 scrolls of enchant weapon
 l - a scroll of random uselessness {unknown}
 q - a scroll of fog {unknown}
 x - 8 scrolls of remove curse
 y - 4 scrolls of fear {unknown}
 I - 2 scrolls of enchant armour {unknown}
Potions
 i - 2 potions of agility {unknown}
 k - a potion of berserk rage {unknown}
 m - 2 potions of curing
 n - 2 potions of lignification {unknown}
 u - a potion of magic {unknown}
 v - 2 potions of brilliance {unknown}
 w - a potion of flight {unknown}
 z - a potion of degeneration {unknown}
 C - a potion of invisibility {unknown}
 D - a potion of resistance {unknown}
 E - a potion of mutation {unknown}
Comestibles
 d - 14 rations


   Skills:
 + Level 5.6 Fighting
 + Level 6.9 Short Blades
 + Level 6.6 Dodging
 + Level 8.6 Stealth
 - Level 4.0 Spellcasting
 + Level 3.4 Hexes
 - Level 2.2 Translocations
 - Level 2.2 Ice Magic


You had 8 spell levels left.
You knew the following spells:

 Your Spells              Type           Power        Failure   Level  Hunger
a - Corona                Hex            ###....      3%          1    None
b - Ensorcelled Hibernat  Hex/Ice        ##....       8%          2    ##.....
c - Confuse               Hex            ###.....     12%         3    ###....
d - Blink                 Tloc           N/A          10%         2    ##.....

Your spell library contained the following spells:

 Spells                   Type           Power        Failure   Level  Hunger
 Slow                     Hex            ###.....     6%          2    ##.....
 Tukima's Dance           Hex            ###.....     12%         3    ###....
 Magic Dart               Conj           #...         16%         1    None
 Sandblast                Erth           #.....       16%         1    None
 Call Imp                 Summ           #.......     24%         2    ##.....
 Passwall                 Tmut/Erth      #.......     24%         2    ##.....
 Dazzling Spray           Conj/Hex       #.....       24%         3    ###....
 Conjure Flame            Conj/Fire      #.......     43%         3    ###....
 Mephitic Cloud           Conj/Pois/Air  #.......     43%         3    ###....
 Stone Arrow              Conj/Erth      #.....       43%         3    ###....
 Petrify                  Tmut/Erth      #.......     83%         4    ####...
 Lee's Rapid Deconstruct  Erth           #.........   99%         5    ######.


Dungeon Overview and Level Annotations

Branches:
Dungeon (9/15)             Temple (1/1) D:6
   Lair: D:8-11         Orc: D:9-12

Altars:
Ashenzari
Elyvilon
Kikubaaqudgha
Nemelex Xobeh
Okawaru
Ru


Innate Abilities, Weirdness & Mutations

You are small and have problems with some larger weapons.
You are carnivorous and can eat meat at any time.


Message History

* * * LOW HITPOINT WARNING * * *
There is a gate leading back out of this place here.
You start resting.
An orc warrior comes into view. It is wielding a +0 glaive.
Casting: Ensorcelled Hibernation (safe; 8% risk of failure)
Confirm with . or Enter, or press ? or * to list all spells.
Aiming: Ensorcelled Hibernation (safe; 8% risk of failure)
Press: ? - help, Shift-Dir - straight line, f - orc warrior
Aim: an orc warrior, wielding a +0 glaive and wearing a +0 ring mail (chance to defeat MR: 43%)
The orc warrior looks drowsy...
The orc knight roars a battlecry!
The orc warrior goes into a battle-frenzy!
Things that are here:
a bolt; a +0 halberd; a +0 chain mail The orc warrior shouts!
You hit the orc warrior.
The orc warrior is lightly wounded.
The orc warrior no longer looks unusually strong.
The orc warrior hits you with a +0 glaive!
You die...

### ##∩## #.∩.#
#@..#
≈≈o≈≈.o.....≈≈o
≈.oo≈.......≈oo
≈≈o≈≈.......≈≈o≈
.≈≈≈..#...#..≈≈≈
.....##...##....
##### ##∩## ####
##


You could see 2 orc knights, 4 orc warriors and 3 orcs.

Vanquished Creatures
  A hippogriff (D:7)
  Sigmund (D:2)
  A hungry ghost (D:8)
  A sky beast (D:9)
  A phantom (D:5)
  3 ogres
  A bullfrog (D:7)
  2 scorpions
  2 vampire bats (D:4)
  A bullfrog zombie (D:5)
  A centaur zombie (D:5)
  A crimson imp (D:7)
  8 orc wizards
  4 orc priests
  Jessica (D:2)
  Terence (D:2)
  An iguana (D:5)
  4 worker ants
  Robin (D:2)
  9 adders
  An adder skeleton (D:9)
  3 worms
  3 dart slugs (D:2)
  7 leopard geckos
  24 orcs
  5 ball pythons
  7 bats
  A bat skeleton (D:4)
  4 bat zombies (D:4)
  5 giant cockroaches
  15 hobgoblins
  7 jackals
  7 kobolds
  6 quokkas
  A ball python skeleton (D:4)
  3 frilled lizards
  17 goblins
  A quokka zombie (D:6)
  9 rats
171 creatures vanquished.

Notes
Turn   | Place    | Note
-------+----------+-------------------------------------------
     0 | D:1      | colophon the Kobold Enchanter began the quest for the Orb.
     0 | D:1      | Reached XP level 1. HP: 10/10 MP: 3/3
   451 | D:1      | Reached XP level 2. HP: 15/16 MP: 3/5
   455 | D:1      | Learned a level 2 spell: Ensorcelled Hibernation
   905 | D:1      | Reached XP level 3. HP: 8/20 MP: 1/6
   910 | D:1      | Learned a level 3 spell: Confuse
  1161 | D:1      | Reached skill level 1 in Fighting
  1463 | D:2      | Noticed Terence
  1526 | D:2      | Noticed Sigmund
  1543 | D:2      | Killed Sigmund
  1543 | D:2      | Reached skill level 5 in Stealth
  1543 | D:2      | Reached XP level 4. HP: 24/27 MP: 1/8
  1543 | D:2      | Reached XP level 5. HP: 27/31 MP: 1/9
  1709 | D:2      | Reached XP level 6. HP: 36/36 MP: 10/10
  1718 | D:2      | Killed Terence
  2151 | D:2      | Noticed Jessica
  2156 | D:2      | Killed Jessica
  2359 | D:2      | Noticed Robin
  2373 | D:2      | Killed Robin
  2373 | D:2      | Reached skill level 1 in Ice Magic
  3078 | D:3      | Found a sparkling altar of Nemelex Xobeh.
  3120 | D:2      | Reached XP level 7. HP: 39/41 MP: 0/11
  4069 | D:3      | Reached skill level 6 in Stealth
  4664 | D:4      | Found an ancient bone altar of Kikubaaqudgha.
  5018 | D:4      | Found a sacrificial altar of Ru.
  5439 | D:5      | Entered Level 5 of the Dungeon
  5606 | D:5      | Reached XP level 8. HP: 42/48 MP: 2/13
  5898 | D:5      | Reached skill level 5 in Short Blades
  5898 | D:5      | Reached skill level 5 in Dodging
  5975 | D:5      | Found a white marble altar of Elyvilon.
  6364 | D:5      | Reached skill level 7 in Stealth
  6857 | D:5      | Got a smoking rapier
  6942 | D:5      | Identified the +10 rapier of the Extremely Mad {pain, rF++
                  | rN+} (You found it on level 5 of the Dungeon)
  7181 | D:5      | Learned a level 2 spell: Blink
  7927 | D:6      | Found a staircase to the Ecumenical Temple.
  7933 | Temple   | Entered the Ecumenical Temple
  7940 | Temple   | Became a worshipper of Warmaster Okawaru
  8012 | D:6      | Reached skill level 1 in Translocations
  8049 | D:6      | You fall through a shaft for 3 floors!
  8168 | D:9      | Reached XP level 9. HP: 53/53 MP: 12/15
  8245 | D:9      | Reached skill level 5 in Fighting
  8245 | D:9      | Reached skill level 8 in Stealth
  8365 | D:8      | Got a jacinth-studded leather armour
  8406 | D:7      | Found a flagged portal.
  8417 | D:7      | Noticed a hippogriff
  8425 | D:7      | Reached * piety under Okawaru
  8435 | D:7      | Killed a hippogriff
  8445 | Bailey   | Entered a bailey
  8445 | Bailey   | Noticed an orc knight
  8445 | Bailey   | Noticed an orc knight
  8472 | Bailey   | Slain by an orc warrior

Skill      XL: |  1  2  3  4  5  6  7  8  9 |
---------------+----------------------------+-----
Short Blades   | 2 3 4 6 |  6.9
Fighting       | 2 3 4 5 |  5.6
Dodging        | 3 4 6 |  6.6
Stealth        | 5 6 7 8 |  8.6
Spellcasting   | 3 4 |  4.0
Ice Magic      | 1 2 |  2.2
Translocations | 1 2 |  2.2
Hexes          | |  3.4

Action                   |  1- 3 |  4- 6 |  7- 9 || total
-------------------------+-------+-------+-------++-------
Melee: Dagger            |    46 |    96 |   174 ||   316
       Rapier            |       |       |    64 ||    64
 Cast: Corona            |     7 |     2 |       ||     9
       Ensorcelled Hiber |    11 |    37 |    85 ||   133
       Confuse           |       |       |    13 ||    13
Evoke: Wand              |       |       |     1 ||     1
  Use: Scroll            |     1 |       |     7 ||     8
 Stab: Sleeping          |    13 |    30 |    62 ||   105
       Confused          |       |       |     5 ||     5
       Paralysed         |       |       |     1 ||     1
  Eat: Chunk             |    11 |     7 |    25 ||    43
Armor: Robe              |    12 |     8 |    50 ||    70
Dodge: Dodged            |    87 |    59 |   249 ||   395
Block: Other             |       |       |     7 ||     7
